 Dungeon Crawl Stone Soup version 0.29.1-13-g9f3cf754e1 (webtiles) character file.

Game seed: 673517431878911493

112821 adizb the Warrior (level 16, -17/155 HPs)
             Began as a Ghoul Monk on Jan 26, 2023.
             Was the Champion of Fedhas.
             Demolished by a pharaoh ant (27 damage)
             ... on level 1 of the Spider Nest on Jan 27, 2023.
             The game lasted 02:43:52 (14951 turns).

adizb the Warrior (Ghoul Monk)                     Turns: 14951, Time: 02:43:57

Health: -17/155    AC: 35    Str: 26    XL:     16   Next: 61%
Magic:  25/25      EV:  8    Int:  3    God:    Fedhas [******]
Gold:   281        SH:  5    Dex: 11    Spells: 15/15 levels left

rFire   + + +      SeeInvis .   G - +8 dire flail "Nelazec" {freeze, rElec rF+++ Stlth+}
rCold   + . .      Faith    .   (shield currently unavailable)
rNeg    + + +      Spirit   .   h - +3 plate armour {Will+}
rPois   ∞          Reflect  +   P - +2 helmet {Int+3}
rElec   +          Harm     .   D - +2 cloak
rCorr   +          Rampage  .   C - +1 pair of gloves
Will    ++...                   F - +1 pair of boots
Stlth   ..........              q - amulet "Lahuv" {Reflect rElec rPois rCorr Int-5 SH+5}
HPRegen 0.00/turn               s - +4 ring of protection
MPRegen 0.19/turn               l - ring of Geasil {rN+ Str+3}

@: inhibited regen
A: claws 1, cold resistance 1, negative energy resistance 3, inhibited
regeneration, torment resistance 2, devour on kill
a: Renounce Religion, Wall of Briars, Grow Ballistomycete, Overgrow, Grow Oklob


You were on level 1 of the Spider Nest.
You worshipped Fedhas.
Fedhas was exalted by your worship.
You visited 4 branches of the dungeon, and saw 19 of its levels.
You also visited: Bailey and Gauntlet.

You collected 3396 gold pieces.
You spent 3115 gold pieces at shops.

Inventory:

Hand Weapons
 g - a +7 dire flail of draining
 G - the +8 dire flail "Nelazec" (weapon) {freeze, rElec rF+++ Stlth+}
   (You found it on level 9 of the Dungeon)

   It freezes those it strikes, dealing additional cold damage.
   It can also slow down cold-blooded creatures.
   rF:        It renders you almost immune to fire.
   rElec:     It insulates you from electricity.
   Stlth:     It makes you more stealthy.
 Y - the +9 mace "Usolehik" {flame, rC+ Str+3 Stlth+}
   (You found it on level 10 of the Dungeon)

   It burns those it strikes, dealing additional fire damage.
   Str:       It affects your strength (+3).
   rC:        It protects you from cold.
   Stlth:     It makes you more stealthy.
Missiles
 a - 9 javelins
 n - 23 boomerangs
 B - 3 boomerangs of dispersal
Armour
 h - a +3 plate armour of willpower (worn)
 i - a +1 plate armour of cold resistance
 C - a +1 pair of gloves (worn)
 D - a +2 cloak (worn)
 F - a +1 pair of boots (worn)
 J - the +4 chain mail "Suihup" {Rampage}
   (You found it on level 10 of the Dungeon)

   Rampage:   It bestows one free step when moving towards enemies.
 P - a +2 helmet of intelligence (worn)
Jewellery
 l - the ring of Geasil (right hand) {rN+ Str+3}
   (You found it on level 11 of the Dungeon)

   [ring of positive energy]

   Str:       It affects your strength (+3).
   rN:        It protects you from negative energy.
 q - the amulet "Lahuv" (around neck) {Reflect rElec rPois rCorr Int-5 SH+5}
   (You found it in a Gauntlet)

   [amulet of reflection]

   It reflects blocked missile attacks.
   Int:       It affects your intelligence (-5).
   rElec:     It insulates you from electricity.
   rPois:     It protects you from poison.
   rCorr:     It protects you from acid and corrosion.
   SH:        It affects your SH (+5).
 s - a +4 ring of protection (left hand)
 w - a ring of see invisible
 y - a ring of ice
 z - the ring "Notu" {rC+ MP+9}
   (You took it off a minotaur in a Gauntlet)

   [ring of magical power]

   rC:        It protects you from cold.
   MP:        It affects your magic capacity (+9).
Wands
 b - a wand of iceblast (36) (quivered)
 v - a wand of flame (37)
 x - a wand of polymorph (15)
 O - a wand of mindburst (12)
 Q - a wand of light (42)
 U - a wand of paralysis (9)
 Z - a wand of digging (1)
Scrolls
 f - 6 scrolls of magic mapping
 k - 3 scrolls of immolation
 m - 10 scrolls of teleportation
 o - 4 scrolls of vulnerability
 t - a scroll of poison
 u - 2 scrolls of fear
 A - 2 scrolls of silence
 I - 2 scrolls of torment
 V - 4 scrolls of butterflies
Potions
 c - 11 potions of ambrosia
 d - 5 potions of might
 j - 9 potions of curing
 p - 2 potions of flight
 r - 5 potions of haste
 E - 3 potions of attraction
 H - a potion of brilliance
 M - 4 potions of invisibility
 R - a potion of resistance
 T - 2 potions of magic
Miscellaneous
 S - a lightning rod (4/4)
 W - a box of beasts (inert)


   Skills:
 * Level 17.2 Fighting
 * Level 13.3 Maces & Flails
 + Level 12.6 Armour
 - Level 2.6 Dodging
 - Level 2.1 Stealth
 + Level 14.6 Invocations


You had 15 spell levels left.
You didn't know any spells.
Your spell library contained the following spells:

 Spells                   Type           Power      Damage    Failure   Level
 Slow                     Hex            0%         N/A       99%         1
 Summon Small Mammal      Summ           0%         N/A       99%         1
 Ensorcelled Hibernation  Hex/Ice        0%         N/A       100%        2
 Passwall                 Tmut/Erth      0%         N/A       100%        2
 Scorch                   Fire           0%         2d5       100%        2
 Call Canine Familiar     Summ           0%         N/A       100%        3
 Confusing Touch          Hex            0%         N/A       100%        3
 Frozen Ramparts          Ice            0%         1d1       100%        3
 Portal Projectile        Hex/Tloc       0%         N/A       100%        3
 Summon Guardian Golem    Hex/Summ       0%         N/A       100%        3
 Swiftness                Air            0%         N/A       100%        3
 Tukima's Dance           Hex            0%         N/A       100%        3
 Vampiric Draining        Necr           0%         2d6       100%        3
 Corpse Rot               Necr/Pois/Air  0%         N/A       100%        4
 Dispel Undead            Necr           0%         3d6       100%        4
 Flame Wave               Conj/Fire      0%         2d4       100%        4
 Summon Ice Beast         Ice/Summ       0%         N/A       100%        4
 Summon Lightning Spire   Summ/Air       0%         N/A       100%        4
 Iskenderun's Battlesphe  Conj           0%         2d6       100%        5
 Yara's Violent Unravell  Hex/Tmut       0%         3d3       100%        5
 Death Channel            Necr           0%         N/A       100%        6
 Iron Shot                Conj/Erth      0%         9d1       100%        6
 Summon Cactus Giant      Summ           0%         N/A       100%        6
 Enfeeble                 Hex            0%         N/A       100%        7
 Spellforged Servitor     Conj/Summ      0%         N/A       100%        7
 Maxwell's Capacitive Co  Air            0%         ∞         100%        8
 Ice Form                 Ice/Tmut       Unusable   N/A       N/A         4
 Blade Hands              Tmut           Unusable   N/A       N/A         5
 Storm Form               Tmut/Air       Unusable   N/A       N/A         7

Dungeon Overview and Level Annotations

Branches:
Dungeon (11/15)            Temple (0/1) D:7            Lair (5/5) D:11
  Swamp (0/4) Lair:2       Spider (1/4) Lair:3        Slime (0/5) Lair:4
    Orc (2/2) D:9             Elf (0/3) Orc:2        Bailey (visited)
Gauntlet (visited)

Altars:
Ashenzari
Fedhas
Kikubaaqudgha
Okawaru
Ru
Sif Muna
Uskayaw
Vehumet
Jiyva

Shops:
Orc:2 [[??:?:=?**


Innate Abilities, Weirdness & Mutations

You are immune to poison.
You have sharp fingernails.
Your flesh is cold resistant. (rC+)
You are immune to negative energy. (rN+++)
You do not regenerate when monsters are visible.
You are immune to unholy pain and torment.
You thrive by killing the living.


Message History

The orb spider weaves a glowing orb of energy.
The wavering orb of destruction weakly hits you but does no damage.
A meliai comes into view. It is wielding a +0 mace.
You bludgeon the orb spider!! You freeze the orb spider.
You kill the orb spider!
Fedhas appreciates your contribution to the ecosystem.
You feel better.
A freezing mist starts to gather...
An orb spider simulacrum comes into view.
The orb of destruction hits you!!
* * * LOW HITPOINT WARNING * * *
The meliai calls down the wrath of its god upon you.
Something smites you!
* * * LOW HITPOINT WARNING * * *
The meliai barely misses you.
The meliai stings you but does no damage.
Okay, then.
You feel much better. You block the meliai's attack. The meliai stings you.
* * * LOW HITPOINT WARNING * * *
The meliai hits you but does no damage.
The meliai stings you but does no damage.
The orb spider simulacrum closely misses you.
A meliai comes into view. It is wielding a +0 hand axe.
The meliai buzzes angrily.
You hear a skittering sound.
The meliai barely misses you. The meliai completely misses you.
A wolf spider comes into view.
The culicivora bites you but does no damage.
The orb spider simulacrum barely misses you.
The wolf spider's many legs skitter.
The orb spider spins a strand of pure energy.
The meliai hits you with a +0 war axe.
* * * LOW HITPOINT WARNING * * *
The meliai closely misses you. The culicivora barely misses you.
The meliai attacks as you move away! The meliai hits you but does no damage.
The meliai stings you but does no damage.
The meliai calls down the wrath of its god upon you.
Something smites you!
* * * LOW HITPOINT WARNING * * *
The pharaoh ant bites you!!
You die...
Fedhas appreciates your contribution to the ecosystem.

..#.....#...........
......#..#......#...
.#....#.......#.....
..#........#........
.........<##..#..?#.
.....#....#...?.....
.........†#....#....
..#..#...sB.#.......
......#.Z.y@.......#
........y.y.#.......
...........#..#.....
...#.#...s..........
###....(#...#.....#
#.##...s........ ..
.....#........ ..
...^......#.#. .....
.....


You could see a wolf spider, an orb spider (charged), a culicivora, a pharaoh
ant, 3 meliai and an orb spider simulacrum.

Vanquished Creatures
  A broodmother (Lair:3)
  A minotaur (Gauntlet)
  An entropy weaver (Lair:3)
  Snorg (D:10)
  An ettin (Orc:2)
  Erolcha (D:11)
  4 hydras
  2 jorogumos (Spider:1)
  A boulder beetle (D:11)
  A radroach (Lair:3)
  4 catoblepae
  7 two-headed ogres
  A centaur warrior (D:10)
  16 death yaks
  A death scarab (Gauntlet)
  7 orc high priests
  Sonja (Lair:3)
  A pharaoh ant (Spider:1)
  2 orb spiders (Spider:1)
  Pikel (D:4)
  A bog body (Lair:2)
  6 orc knights (Orc:2)
  2 cyclopes
  2 orc sorcerers (Orc:2)
  4 manticores
  An ugly thing (D:11)
  6 elephants
  3 wolf spiders
  2 black mambas
  A moth of wrath (Lair:3)
  A demonic crawler (Spider:1)
  An unseen horror (D:11)
  9 cane toads
  3 komodo dragons
  Psyche (D:9)
  4 rime drakes
  A queen bee (Lair:1)
  4 tarantellas
  3 trolls
  A hornet (D:8)
  A tyrant leech (Gauntlet)
  A polar bear (Lair:5)
  A slime creature (D:10)
  Prince Ribbit (D:7)
  Grinder (D:3)
  4 blink frogs (Lair:1)
  9 jumping spiders
  A shadow (D:11)
  4 flying skulls (Gauntlet)
  2 wraiths (D:11)
  5 culicivoras
  Eustachio (D:6)
  A wyvern (Lair:3)
  2 basilisks
  2 steam dragons
  48 yaks
  30 redbacks
  Edmund (D:6)
  4 swamp worms (Gauntlet)
  5 wargs
  An acid dragon (D:10)
  15 water moccasins
  Duvessa (D:4)
  2 sky beasts
  A spectral torpor snail (Gauntlet)
  2 black bears
  A swamp drake (D:9)
  44 orc warriors
  3 ogres
  8 wolves
  3 centaurs
  2 lemures (D:4)
  Blork the orc (D:6)
  A kobold brigand (D:8)
  A gnoll sergeant (D:11)
  17 bullfrogs
  2 necrophages (D:6)
  3 scorpions
  11 wights
  Dowan (D:4)
  41 killer bees
  2 howler monkeys (D:8)
  4 electric eels
  3 gnoll boudas
  4 jellies
  30 orc priests
  3 hounds
  3 iguanas
  Natasha (thrice) (D:4)
  20 orc wizards
  A mummy (D:6)
  10 gnolls
  5 adders
  3 shadow imps
  A white imp (D:6)
  3 dart slugs
  90 orcs
  9 bats
  5 endoplasms
  4 giant cockroaches
  15 goblins
  10 hobgoblins
  4 jackals (D:1)
  4 quokkas
  5 ball pythons
  4 frilled lizards
  2 hobgoblin zombies (D:6)
  16 kobolds
  2 orc zombies (D:6)
  6 rats
  A ballistomycete spore (Orc:2)
668 creatures vanquished.

Vanquished Creatures (collateral kills)
  A hydra (D:10)
  The ghost of mathmaestro the Dealer of Despair, a novice DsNe of Kikubaaqudgha (D:9)
  A culicivora (Spider:1)
  2 redbacks (Spider:1)
  A kobold brigand (D:9)
  A wight (D:7)
  An orc priest (D:9)
  An orc wizard (D:10)
  An orc (D:9)
  A kobold (D:9)
  104 ballistomycete spores
115 creatures vanquished.

Vanquished Creatures (others)
  An orc wizard (D:9)
  2 kobolds (D:9)
  4 ballistomycete spores
  16 fungi
  15 plants
  17 withered plants (Gauntlet)
55 creatures vanquished.

Grand Total: 838 creatures vanquished

Notes
Turn   | Place    | Note
-------+----------+-------------------------------------------
     0 | D:1      | adizb the Ghoul Monk began the quest for the Orb.
     0 | D:1      | Reached XP level 1. HP: 19/19 MP: 0/0
   115 | D:1      | Reached XP level 2. HP: 11/26 MP: 1/1
   376 | D:1      | Reached XP level 3. HP: 21/33 MP: 2/2
   382 | D:1      | Reached skill level 4 in Fighting
   480 | D:1      | Reached skill level 1 in Armour
  1084 | D:2      | Reached XP level 4. HP: 36/41 MP: 3/3
  1401 | D:3      | Noticed Grinder
  1419 | D:3      | Paralysed by Grinder for 3 turns
  1423 | D:3      | Killed Grinder
  1424 | D:3      | Reached skill level 5 in Fighting
  1424 | D:3      | Reached XP level 5. HP: 36/50 MP: 4/4
  1424 | D:3      | Reached XP level 6. HP: 41/57 MP: 5/5
  1680 | D:3      | Reached skill level 6 in Fighting
  1821 | D:3      | Noticed a water moccasin
  1834 | D:3      | Killed a water moccasin
  1835 | D:3      | Reached XP level 7. HP: 57/64 MP: 6/6
  1998 | D:4      | Noticed Pikel
  2025 | D:4      | HP: 2/64 [Pikel/+1 whip of flaming (5)]
  2026 | D:4      | Killed Pikel
  2027 | D:4      | Reached skill level 7 in Fighting
  2027 | D:4      | Reached XP level 8. HP: 11/74 MP: 7/7
  2219 | D:4      | Noticed Natasha
  2234 | D:4      | Killed Natasha
  2244 | D:4      | Reached skill level 8 in Fighting
  2244 | D:4      | Reached skill level 5 in Maces & Flails
  2312 | D:4      | Noticed Natasha
  2325 | D:4      | Killed Natasha
  2340 | D:4      | Noticed Dowan
  2341 | D:4      | Noticed Duvessa
  2366 | D:4      | Killed Duvessa
  2375 | D:4      | Killed Dowan
  2382 | D:4      | Noticed Natasha
  2389 | D:4      | Killed Natasha
  2505 | D:5      | Entered Level 5 of the Dungeon
  2766 | D:5      | Identified the +1 robe of the Sunfish {Str+3}
  2789 | D:5      | Found a shimmering blue altar of Sif Muna.
  3264 | D:5      | Reached skill level 9 in Fighting
  3523 | D:6      | Reached XP level 9. HP: 83/83 MP: 8/8
  3530 | D:6      | Noticed Edmund
  3531 | D:6      | Noticed Blork the orc
  3552 | D:6      | Killed Edmund
  3553 | D:6      | Reached skill level 5 in Armour
  3559 | D:6      | Killed Blork the orc
  3574 | D:6      | Found a blossoming altar of Fedhas.
  3583 | D:6      | Became a worshipper of Fedhas Madash
  3583 | D:6      | Reached * piety under Fedhas
  3583 | D:6      | Reached ** piety under Fedhas
  3648 | D:6      | Found a sacrificial altar of Ru.
  3654 | D:6      | Noticed Eustachio
  3664 | D:6      | Reached skill level 1 in Invocations
  3681 | D:6      | Killed Eustachio
  3733 | D:6      | Reached skill level 10 in Fighting
  4571 | D:7      | Reached XP level 10. HP: 27/94 MP: 12/12
  4699 | D:7      | Reached skill level 5 in Invocations
  4714 | D:7      | Noticed Prince Ribbit
  4733 | D:7      | Killed Prince Ribbit
  4733 | D:7      | Reached *** piety under Fedhas
  4887 | D:7      | Found a staircase to the Ecumenical Temple.
  4928 | D:7      | Found a hide-covered altar of Uskayaw.
  5229 | D:8      | Found an iron altar of Okawaru.
  5250 | D:8      | Found a broken altar of Ashenzari.
  5288 | D:8      | Reached skill level 11 in Fighting
  5740 | D:9      | Reached **** piety under Fedhas
  5759 | D:9      | Noticed Psyche
  5786 | D:9      | Killed Psyche
  5787 | D:9      | Reached XP level 11. HP: 82/102 MP: 15/15
  5822 | D:9      | Found a staircase to the Orcish Mines.
  5896 | D:9      | Identified a scroll of acquirement
  5897 | D:9      | Acquired 921 gold pieces
  5924 | D:9      | Found a transporter.
  5925 | D:9      | Noticed mathmaestro's ghost (novice DsNe)
  5926 | D:9      | Identified the +8 dire flail of Fate {freeze, Drain rPois
                  | Int+5 Dex+2}
  5926 | D:9      | Noticed a two-headed ogre
  5926 | D:9      | Noticed a two-headed ogre
  5927 | D:9      | Noticed a two-headed ogre
  5929 | D:9      | Noticed a two-headed ogre
  5933 | D:9      | Found a transporter.
  5982 | D:9      | Found a flagged portal.
  6002 | Bailey   | Entered a bailey
  6247 | Bailey   | Found an iron altar of Okawaru.
  6248 | Bailey   | Noticed an orc high priest
  6248 | Bailey   | Noticed an orc high priest
  6257 | Bailey   | Noticed a soul eater
  6275 | Bailey   | Killed an orc high priest
  6276 | Bailey   | Noticed a sun demon
  6284 | Bailey   | Killed an orc high priest
  6442 | Bailey   | Acquired the +0 hat of Gehenna {+Blink rF+++ Slay-2}
  6514 | D:9      | Reached ***** piety under Fedhas
  6718 | D:9      | Found an ancient bone altar of Kikubaaqudgha.
  6794 | D:9      | Killed a two-headed ogre
  6797 | D:9      | Killed a two-headed ogre
  6801 | D:9      | Killed a two-headed ogre
  6802 | D:9      | Reached skill level 12 in Fighting
  6806 | D:9      | Killed mathmaestro's ghost
  6811 | D:9      | Killed a two-headed ogre
  6812 | D:9      | Reached skill level 10 in Invocations
  6821 | D:9      | Identified the +8 dire flail "Nelazec" {freeze, rElec rF+++
                  | Stlth+}
  7000 | D:10     | Entered Level 10 of the Dungeon
  7000 | D:10     | Found a viscous altar of Jiyva.
  7035 | D:10     | Identified the +1 robe "Juont" {Rampage rF+}
  7295 | D:10     | Reached XP level 12. HP: 110/112 MP: 18/18
  7517 | D:10     | Noticed a centaur warrior
  7523 | D:10     | Noticed a catoblepas
  7562 | D:10     | Killed a centaur warrior
  7566 | D:10     | Killed a catoblepas
  7578 | D:10     | Noticed a five-headed hydra
  7584 | D:10     | Killed a five-headed hydra
  7599 | D:10     | Identified the +3 leather armour of Trumpets {+Blink MP+9
                  | Str+7}
  7612 | D:10     | Identified the +4 chain mail "Suihup" {Rampage}
  7649 | D:10     | Identified the +9 mace "Usolehik" {flame, rC+ Str+3 Stlth+}
  7659 | D:10     | Noticed a two-headed ogre
  7665 | D:10     | Killed a two-headed ogre
  7706 | D:10     | Identified the +4 quarterstaff "Fivalaf" {freeze, *Rage
                  | Str+7 Int+3 Stlth-}
  7739 | D:10     | Found a radiant altar of Vehumet.
  7784 | D:10     | Noticed a two-headed ogre
  7792 | D:10     | Killed a two-headed ogre
  7847 | D:11     | Noticed Snorg
  7877 | D:10     | Killed Snorg
  7997 | D:11     | Identified the ring of Geasil {rN+ Str+3}
  8039 | D:11     | Noticed a two-headed ogre
  8046 | D:11     | Killed a two-headed ogre
  8120 | D:11     | Found a gate leading to a gauntlet.
  8128 | Gauntlet | Entered a Gauntlet
  8128 | Gauntlet | Found a transporter.
  8136 | Gauntlet | Found a transporter.
  8138 | Gauntlet | Found a transporter.
  8149 | Gauntlet | Found a transporter.
  8165 | Gauntlet | Found a transporter.
  8167 | Gauntlet | Noticed a blizzard demon
  8173 | Gauntlet | Found a transporter.
  8191 | Gauntlet | Found a transporter.
  8211 | Gauntlet | Found a transporter.
  8222 | Gauntlet | Noticed a hell beast
  8223 | Gauntlet | Found a transporter.
  8234 | Gauntlet | Noticed a reaper
  8235 | Gauntlet | Found a transporter.
  8247 | Gauntlet | Found a transporter.
  8255 | Gauntlet | Noticed a reaper
  8259 | Gauntlet | Found a transporter.
  8281 | Gauntlet | Found a transporter.
  8281 | Gauntlet | Found a transporter.
  8327 | Gauntlet | Found a transporter.
  8331 | Gauntlet | Noticed a death scarab
  8361 | Gauntlet | Found a transporter.
  8363 | Gauntlet | Found a transporter.
  8395 | Gauntlet | Found a transporter.
  8398 | Gauntlet | Identified the amulet "Lahuv" {Reflect rElec rPois rCorr
                  | Int-5 SH+5}
  8454 | Gauntlet | Killed a death scarab
  8455 | Gauntlet | Reached skill level 13 in Fighting
  8485 | Gauntlet | HP: 2/115 [tyrant leech (13)]
  8512 | Gauntlet | Identified the +1 helmet of Whack-A-Mole {rF+ Int+4}
  8725 | Gauntlet | Identified the ring "Notu" {rC+ MP+9}
  8725 | Gauntlet | Noticed a minotaur
  8737 | Gauntlet | Killed a minotaur
  8844 | D:11     | Reached XP level 13. HP: 94/122 MP: 21/21
  8845 | D:11     | Found a staircase to the Lair.
  9253 | D:11     | Noticed Erolcha
  9258 | D:11     | Killed Erolcha
  9354 | Lair:1   | Entered Level 1 of the Lair of Beasts
  9486 | Lair:1   | Reached skill level 10 in Maces & Flails
  9596 | Lair:1   | Reached skill level 14 in Fighting
 10333 | Lair:2   | Found a staircase to the Swamp.
 10597 | Lair:3   | Reached skill level 10 in Armour
 10612 | Lair:3   | Noticed Sonja
 10632 | Lair:3   | Killed Sonja
 10633 | Lair:3   | Reached XP level 14. HP: 132/133 MP: 22/22
 10783 | Lair:3   | You fall into a shaft and drop 2 floors!
 10783 | Lair:5   | Entered Level 5 of the Lair of Beasts
 10808 | Lair:5   | Reached skill level 15 in Fighting
 11575 | Lair:4   | Reached ****** piety under Fedhas
 11640 | Lair:4   | Found a viscous altar of Jiyva.
 11641 | Lair:4   | Found a staircase to the Slime Pits.
 12056 | Lair:3   | Reached skill level 16 in Fighting
 12157 | Lair:3   | Found a hole to the Spider Nest.
 12453 | Lair:3   | Acquired 691 gold pieces
 12715 | Orc:1    | Entered Level 1 of the Orcish Mines
 12765 | Orc:1    | Reached XP level 15. HP: 85/144 MP: 24/24
 12902 | Orc:2    | Entered Level 2 of the Orcish Mines
 12902 | Orc:2    | Found Vaibia's Magic Scroll Emporium.
 12909 | Orc:2    | Bought a scroll of identify for 36 gold pieces
 12909 | Orc:2    | Bought a scroll of enchant weapon for 135 gold pieces
 12911 | Orc:2    | Reached XP level 16. HP: 140/151 MP: 25/25
 12925 | Orc:2    | Found a staircase to the Elven Halls.
 12985 | Orc:2    | Found Qass's Book Boutique.
 13056 | Orc:2    | Found Rinellin's Magic Scroll Boutique.
 13132 | Orc:2    | Found Cehitoul's Book Emporium.
 13135 | Orc:2    | Bought a scroll of brand weapon for 104 gold pieces
 13135 | Orc:2    | Bought a scroll of poison for 44 gold pieces
 13135 | Orc:2    | Bought 2 scrolls of butterflies for 88 gold pieces
 13135 | Orc:2    | Bought a scroll of teleportation for 33 gold pieces
 13218 | Orc:2    | Bought a scroll of teleportation for 54 gold pieces
 13320 | Orc:2    | Found Tunwasuwn's General Store.
 13320 | Orc:2    | Found Celeical's Specific Store.
 13610 | Orc:2    | Found Filatz's Magic Scroll Boutique.
 13610 | Orc:2    | Found Ebin's Magic Scroll Boutique.
 13611 | Orc:2    | Found Bedghiurph's Antique Armour Shop.
 13611 | Orc:2    | Found Wiprolax's Armour Boutique.
 13626 | Orc:2    | Bought a scroll of torment for 142 gold pieces
 13626 | Orc:2    | Bought a scroll of brand weapon for 142 gold pieces
 13631 | Orc:2    | Bought a runed plate armour for 936 gold pieces
 13631 | Orc:2    | Bought a pair of glowing boots for 270 gold pieces
 13631 | Orc:2    | Bought a shiny plate armour for 936 gold pieces
 13699 | Orc:2    | Found Ahuabi Fewoo's Jewellery Shop.
 13713 | Orc:2    | Bought a ring of see invisible for 195 gold pieces
 13994 | Spider:1 | Entered Level 1 of the Spider Nest
 14509 | Lair:3   | Reached skill level 17 in Fighting
 14951 | Spider:1 | Demolished by a pharaoh ant

Illustrated notes

Levels and vault maps discovered:
D:1:      dpeg_arrival_rooms_c, layout_loops_ring
D:2:      layout_loops_ring, supply_closet_lemuel
D:3:      layout_loops_ring, elyvilon_altar_5, uniq_grinder
D:4:      layout_rooms, uniq_natasha, uniq_duvessa, uniq_pikel
D:5:      layout_layer_cave, mainiacjoe_overflow_alcove_1
D:6:      minmay_razor_zed, layout_basic, lemuel_coloured_pillars_altar,
          nicolae_ru_sacrificial_ziggurat, minmay_mini_ossuary, uniq_eustachio,
          uniq_blork_the_orc, uniq_edmund
D:7:      layout_loops_cross, kennysheep_mini_moat, temple_statues,
          grunt_decor_resistance, minmay_tree_intersection, uniq_prince_ribbit1
D:8:      layout_cave_pools, old_standard_altar, lemuel_doored_altar,
          small_statue_intersection, nrook_loot_triangle, grunt_ministairs_8
D:9:      layout_roguey, overflow_temple_1_default, erik_orc_1,
          gammafunk_ghost_smash, enter_bailey_5, serial_park_tiny_1, uniq_psyche
D:10:     minmay_the_grid_four_pointed_star
          [minmay_the_grid_triangle_9x9_zippers_horizontal,
          minmay_the_grid_triangle_9x9_empty,
          minmay_the_grid_triangle_9x9_minimal,
          minmay_the_grid_triangle_9x9_windchime,
          minmay_the_grid_prize_trominoes], layout_small_grid,
          lemuel_tele_altar, jiyva_altar_1
D:11:     layout_roguey, david_lair_generic, gauntlet_entry_generic,
          kennysheep_windowed_goal, uniq_erolcha, uniq_snorg
Lair:1:   layout_roguey [special_room_bee], serial_bayou_shore_a,
          lemuel_fruit_tree, serial_bayou_shore_b
Lair:2:   layout_cave_pods, skrybe_swamp_entry_bodies
Lair:3:   layout_long_grid, nicolae_spider_entry_tight_spaces, st_stairs_5,
          chequers_serial_rivers_small_a, uniq_sonja
Lair:4:   layout_cave_shapes, slime_entry_1, nicolae_lair_run_with_the_wolves,
          serial_bayou_shore_b
Lair:5:   evilmike_catoblepas_cave, layout_misc_corridors
Spider:1: nicolae_spider_mines_3, hangedman_spider_mandibles, drop_trap
Orc:1:    layout_caves, serial_shops, nicolae_shop_crystal
Orc:2:    st_orc_pillars, layout_diamond_mine, serial_shops,
          nicolae_lakefront_shop, nicolae_shop_waterfront, shop,
          nicolae_shop_window_shopping, nicolae_shop_statue_plus,
          nicolae_specific_store

Skill      XL: |  1  2  3  4  5  6  7  8  9 10 11 12 13 14 15 16 |
---------------+-------------------------------------------------+-----
Maces & Flails | 3 4 5 6 7 8 9 10 12 13 | 13.3
Fighting       | 4 5 6 7 9 10 11 12 13 14 16 17 | 17.2
Armour         | 1 2 3 4 5 6 8 9 10 12 | 12.6
Invocations    | 4 7 10 12 13 14 | 14.6
Dodging        | |  2.6
Stealth        | |  2.1

Action                   |  1- 3 |  4- 6 |  7- 9 | 10-12 | 13-15 | 16-18 || total
-------------------------+-------+-------+-------+-------+-------+-------++-------
Melee: Mace              |   138 |    36 |       |       |       |    12 ||   186
       Punch             |     2 |     1 |     5 |     1 |       |       ||     9
       Flail             |       |    31 |       |    27 |       |       ||    58
       Whip              |       |    13 |   359 |     2 |       |       ||   374
       Dire flail        |       |       |       |   468 |   620 |   255 ||  1343
Throw: Javelin           |       |     7 |     5 |       |       |       ||    12
       Boomerang         |       |       |     1 |     1 |       |     4 ||     6
Invok: Wall of Briars    |       |       |     1 |     1 |       |     1 ||     3
       Grow Ballistomyce |       |       |       |     4 |     5 |     8 ||    17
       Grow Oklob        |       |       |       |     1 |       |     1 ||     2
       Overgrow          |       |       |       |     1 |       |       ||     1
Evoke: Wand              |       |       |       |     4 |       |       ||     4
       Box of beasts     |       |       |       |       |       |     1 ||     1
  Use: Scroll            |     2 |     4 |     7 |    19 |    11 |     4 ||    47
       Potion            |       |       |     2 |     5 |     2 |     4 ||    13
 Stab: Sleeping          |     3 |       |       |       |       |       ||     3
       Confused          |       |       |       |     3 |     7 |     1 ||    11
       Distracted        |       |       |       |     2 |       |       ||     2
Armor: Robe              |    38 |       |       |       |       |       ||    38
       Plate armour      |     4 |    54 |   203 |   312 |   473 |   309 ||  1355
Dodge: Dodged            |    91 |    35 |   118 |   219 |   218 |   152 ||   833
Block: Other             |       |       |       |    11 |   132 |    82 ||   225
       Reflection        |       |       |       |       |     1 |     7 ||     8
